 Dungeon Crawl Stone Soup version 0.30-a0-918-g0ff054e9dc (webtiles) character file.

Game seed: 11733089750549477032

35 BlueFish the Insei (level 3, -5/23 HPs)
             Began as an Octopode Transmuter on Mar 21, 2023.
             Slain by Terence
             ... wielding a +0 flail
              (12 damage)
             ... on level 2 of the Dungeon.
             The game lasted 00:02:06 (1039 turns).

BlueFish the Insei (Octopode Transmuter)            Turns: 1039, Time: 00:02:07

Health: -5/23      AC:  1    Str: 11    XL:     3   Next: 35%
Magic:  5/6        EV: 13    Int: 15    God:
Gold:   97         SH:  0    Dex: 12    Spells: 3/6 levels left

rFire   . . .      SeeInvis .      - Unarmed
rCold   . . .      Faith    .    (no shield)
rNeg    . . .      Spirit   .    (helmet currently unavailable)
rPois   .          Reflect  .    (no amulet)
rElec   .          Rampage  .    (no ring)
rCorr   .                        (no ring)
Will    .....                    (no ring)
Stlth   ++                       (no ring)
HPRegen 0.23/turn                (no ring)
MPRegen 0.10/turn                (no ring)
                                 (no ring)
                                 (no ring)

@: appendages
A: tentacle spike 3, almost no armour, amphibious, 8 rings, camouflage 1,
gelatinous body 1, (nimble swimmer 1), tentacles
a: End Transformation


You were on level 2 of the Dungeon.
One of your tentacles had grown a beastly spike.
You visited 1 branch of the dungeon, and saw 2 of its levels.

You collected 97 gold pieces.

Inventory:

Missiles
 d - 2 poisoned darts
Scrolls
 b - 4 scrolls of identify {unknown}
 f - a scroll of poison {unknown}
 h - a scroll of amnesia {unknown}
 j - a scroll of magic mapping {unknown}
Potions
 a - 2 potions of lignification
 c - a potion of flight {unknown}
 e - a potion of resistance {unknown}
 g - a potion of cancellation {unknown}
 i - a potion of curing {unknown}


   Skills:
 + Level 1.5 Fighting
 + Level 2.4 Dodging
 + Level 3.2 Unarmed Combat
 + Level 2.3 Spellcasting
 + Level 2.3 Transmutations


You had 3 spell levels left.
You knew the following spells:

 Your Spells              Type           Power      Damage    Failure   Level
a - Beastly Appendage     Tmut           16%        N/A       9%          1
b - Wereblood             Tmut           8%         N/A       12%         2

Your spell library contained the following spells:

 Spells                   Type           Power      Damage    Failure   Level
 Spider Form              Tmut/Pois      5%         N/A       36%         3
 Ice Form                 Ice/Tmut       5%         N/A       78%         4


Dungeon Overview and Level Annotations

Branches:
Dungeon (2/15)

Altars:

Shops:
D:2 ?*

Annotations:
D:2 Sigmund, Terence


Innate Abilities, Weirdness & Mutations

One of your tentacles has grown a beastly spike.
You cannot wear most types of armour.
You are amphibious.
You can wear up to eight rings at the same time.
Your skin changes colour to match your surroundings (Stealth+).
Your rubbery body absorbs attacks. (AC +1, EV +1)
((You are camouflaged when in or above water. (Stealth+)))
You have tentacles for arms and can constrict up to eight enemies at once.


Message History

You kill the hobgoblin!
The kobold throws a stone.
The stone misses you.
You see here a scroll labelled WAJYMM IPON.
You tentacle-slap the kobold. Your grab misses the kobold.
The kobold is severely wounded.
The kobold closely misses you.
Terence the Incautious comes into view.
He is wielding a +0 flail.
Terence shouts!
You tentacle-slap the kobold but do no damage.
Your grab misses the kobold.
Your tentacle-slap misses the kobold.
The kobold is severely wounded.
The kobold hits you with a +0 whip.
You bludgeon the kobold!
You kill the kobold!
Casting: Wereblood (safe; 12% risk of failure)
Confirm with . or Enter, or press ? or * to list all spells.
One of your tentacles grows a vicious spike.
Terence barely misses you.
You tentacle-slap Terence but do no damage.
You grab Terence.
You constrict Terence, but do no damage.
Terence hits you with a +0 flail.
You tentacle-slap Terence but do no damage.
You pierce Terence, but do no damage.
You constrict Terence. Terence hits you with a +0 flail!
* * * LOW HITPOINT WARNING * * *
You tentacle-slap Terence but do no damage.
You pierce Terence, but do no damage.
You squeeze Terence, but do no damage.
Terence is lightly wounded.
You constrict Terence. Terence closely misses you.
You tentacle-slap Terence.
You pierce Terence.
Terence is moderately wounded.
You constrict Terence, but do no damage.
Terence barely misses you.
You tentacle-slap Terence but do no damage.
Terence is moderately wounded.
You constrict Terence, but do no damage.
Terence hits you with a +0 flail!
Ouch! That really hurt!
You die...

#.....###########
######...........#
#................# ##
#................# .#
#........############
.# #......#.# ......#
.# #......#.# ...?..#
##
#......#.#####......#
###..........@@.....#
#.######...##'#####
#.# ###..# # ######.#
##...# .......# #....
######## ##.# ... #.


You could see Terence.

Vanquished Creatures
  2 dart slugs
  A ball python (D:2)
  4 endoplasms
  2 goblins
  4 hobgoblins
  3 jackals (D:2)
  2 kobolds
  3 quokkas
  A bat (D:2)
  3 frilled lizards
  2 rats (D:2)
27 creatures vanquished.

Notes
Turn   | Place    | Note
-------+----------+-------------------------------------------
     0 | D:1      | BlueFish the Octopode Transmuter began the quest for the
                  | Orb.
     0 | D:1      | Reached XP level 1. HP: 13/13 MP: 3/3
   216 | D:1      | Reached XP level 2. HP: 18/18 MP: 5/5
   378 | D:1      | Found a faded altar of an unknown god.
   585 | D:2      | Noticed Sigmund
   594 | D:1      | Learned a level 2 spell: Wereblood
   655 | D:2      | Found Loatedgh's General Store.
   660 | D:2      | Found Newepiwk's Weapon Emporium.
   741 | D:2      | Reached XP level 3. HP: 23/23 MP: 6/6
   888 | D:2      | Found Bueped's Magic Scroll Shop.
  1031 | D:2      | Noticed Terence
  1039 | D:2      | Slain by Terence

Illustrated notes

Levels and vault maps discovered:
D:1:      dpeg_arrival_simpleton_b, layout_loops_ring,
          dreamdust_ecumenical_altar_statues
D:2:      layout_basic, serial_shops, shop, nicolae_shop_stone, shop, shop,
          uniq_sigmund, uniq_terence

Action                     || total
---------------------------++-------
  Melee: Unarmed           ||    71
         Constrict         ||    18
         Tentacles         ||    13
         Punch             ||     2
         Kick              ||    10
   Cast: Beastly Appendage ||     3
         Wereblood         ||     1
   Stab: Sleeping          ||     4
 Armour: Skin              ||     4
  Dodge: Dodged            ||    43

Table legend: (Time is in decaauts)
 A = Elapsed time spent in this place.
 B = Non-inter-level travel time spent in this place.
 C = Inter-level travel time spent in this place.
 D = Time resting spent in this place.
 E = Time spent auto-exploring this place.
 F = Levels seen in this place.
 G = Mean time per level.
                   A        B        C        D        E       F      G
               +--------+--------+--------+--------+--------+-----+--------+
         Total |   1034 |    963 |     71 |      0 |    661 |   2 |  517.0 |
       Dungeon |   1034 |    963 |     71 |      0 |    661 |   2 |  517.0 |
               +--------+--------+--------+--------+--------+-----+--------+

Top non-repeatable levels by time:
     D:1: 636 daAuts
     D:2: 398 daAuts
